 Dungeon Crawl Stone Soup version 0.23-a0-139-ga22e90c45f (webtiles) character file.

483 MrRokkomies the Skirmisher (level 7, 0/62 (64) HPs)
             Began as a Ghoul Monk on Aug 30, 2018.
             Was a Follower of Uskayaw.
             Splashed by Ijyb's acid (5 damage)
             ... on level 4 of the Dungeon.
             The game lasted 00:08:28 (3277 turns).

MrRokkomies the Skirmisher (Ghoul Monk)             Turns: 3277, Time: 00:08:29

HP:   0/62 (64)     AC:  9    Str: 16    XL:     7   Next: 12%
MP:   15/15         EV:  7    Int:  5    God:    Uskayaw [*.....]
Gold: 219           SH:  0    Dex: 12    Spells: 6/6 levels left

rFire    . . .     SeeInvis .     - Unarmed
rCold    + . .     Gourm    .   (no shield)
rNeg     + + +     Faith    .   c - +0 chain mail
rPois    ∞         Spirit   .   r - +2 helmet
rElec    .         Reflect  .   i - +1 cloak
rCorr    +         Harm     .   (no gloves)
MR       .....                  (no boots)
Stlth    ..........             v - amulet of magic regeneration
HPRegen  0.00/turn              a - ring of magical power
MPRegen  0.39/turn              o - ring of resist corrosion

@: corroded, rotting
A: rotting body, claws 1, carnivore, cold resistance 1, negative energy
resistance 3, inhibited regeneration, torment resistance, unbreathing
a: Stomp, Renounce Religion


You were on level 4 of the Dungeon.
You worshipped Uskayaw.
Uskayaw was noncommittal.
You were not hungry.

You visited 2 branches of the dungeon, and saw 5 of its levels.
You also visited: Ossuary.

You collected 219 gold pieces.

Inventory:

Hand Weapons
 m - a +2 dagger of venom
Missiles
 d - an exploding tomahawk (quivered)
 g - 10 poisoned needles
Armour
 c - a +0 chain mail (worn)
 f - the +5 ring mail of Vexation {MR++, unknown}
   (You found it on level 4 of the Dungeon)

   It affects your resistance to hostile enchantments.
 i - a +1 cloak (worn)
 p - a +0 shield
 r - a +2 helmet (worn)
Jewellery
 a - a ring of magical power (left claw)
 o - a ring of resist corrosion (right claw)
 v - an amulet of magic regeneration (around neck)
Wands
 u - a wand of polymorph (13)
Scrolls
 h - 2 scrolls of fear
 k - 4 scrolls of identify
 l - 4 scrolls of amnesia
 t - a scroll of enchant armour
Potions
 e - 5 potions of magic
 j - a potion of cancellation
 n - a potion of brilliance
 q - 2 potions of might
Comestibles
 b - 8 rations


   Skills:
 * Level 6.5 Fighting
 - Level 2.6 Dodging
 - Level 2.1 Stealth
 * Level 6.5 Unarmed Combat


You had 6 spell levels left.
You didn't know any spells.
Your spell library was empty.

Dungeon Overview and Level Annotations

Branches:
Dungeon (4/15)             Temple (1/1) D:4

Altars:
Cheibriados
Dithmenos
Elyvilon
Fedhas
Okawaru
Sif Muna
Trog
Uskayaw
Vehumet
Wu Jian

Annotations:
D:4 Ijyb


Innate Abilities, Weirdness & Mutations

Your body is rotting away.
You thrive on raw meat.
You are immune to poison.
You have sharp fingernails.
You are carnivorous and can eat meat at any time.
Your flesh is cold resistant. (rC+)
You are immune to negative energy. (rN+++)
You do not regenerate when monsters are visible.
You are immune to unholy pain and torment.
You can survive without breathing.


Message History

* * * LOW HITPOINT WARNING * * *
You can no longer pass through a line of other dancers.
It was a potion of agility.
You feel agile all of a sudden. The adder bites you but does no damage.
Ijyb hits you with an enchanted dagger.
* * * LOW HITPOINT WARNING * * *
It was a potion of cancellation.
Your magical effects are unravelling.
You feel magically purged.
You feel a little less agile now.
You are no longer corroded.
The adder bites you.
* * * LOW HITPOINT WARNING * * *
Ijyb hits you but does no damage.
You closely miss Ijyb.
Ijyb is severely wounded.
The adder barely misses you.
Ijyb zaps a wand.
The bolt of acid hits you! You resist.
* * * LOW HITPOINT WARNING * * *
The acid corrodes you!
You are splashed with acid!
The acid burns!
You resist.
You die...

..# #....+
#.......# ###
#....#
#.......#
#....#
#.......#
#....#
#.......#
#....#
#.......# .
+#####+#....#
#.......# #
..........###
####'##.. #
..........#
#..#.. +
......g@..#
#..#.. #
......S...#
#..+.. #
..........#
#..#.. #
..........#
#..#.. #
..........#
####.. [
...##+#####
..# ... ..


You could see Ijyb and an adder.

Vanquished Creatures
  A human zombie (Ossuary)
  An orc priest (D:3)
  Jessica (D:2)
  2 orc wizards (D:2)
  Natasha (thrice) (D:2)
  A worker ant (D:4)
  A killer bee zombie (D:4)
  3 mummies (Ossuary)
  Robin (D:3)
  4 adders
  An ooze (D:3)
  3 adder zombies (Ossuary)
  5 worms
  3 leopard geckos
  10 orcs
  A ball python (D:1)
  7 bats
  2 giant cockroaches
  21 goblins
  13 hobgoblins
  A frilled lizard (D:1)
  A gnoll zombie (Ossuary)
  4 goblin zombies (Ossuary)
  A hobgoblin zombie (Ossuary)
  8 kobolds
  6 quokka zombies
  2 rats
  4 rat zombies (Ossuary)
111 creatures vanquished.

Notes
Turn   | Place    | Note
-------+----------+-------------------------------------------
     0 | D:1      | MrRokkomies the Ghoul Monk began the quest for the Orb.
     0 | D:1      | Reached XP level 1. HP: 19/19 MP: 0/0
    77 | D:1      | Reached XP level 2. HP: 20/26 MP: 1/1
   436 | D:1      | Reached XP level 3. HP: 25/33 MP: 2/2
   827 | D:2      | Found a shadowy altar of Dithmenos.
   827 | D:2      | Found a white marble altar of Elyvilon.
   866 | D:2      | Noticed Natasha
   874 | D:2      | Killed Natasha
   874 | D:2      | Reached XP level 4. HP: 39/40 MP: 3/3
   927 | D:2      | Noticed Jessica
   933 | D:2      | Killed Jessica
   964 | D:2      | Reached XP level 5. HP: 12/46 MP: 4/4
   965 | D:2      | Reached skill level 5 in Fighting
   965 | D:2      | Reached skill level 5 in Unarmed Combat
  1065 | D:2      | Noticed Natasha
  1076 | D:2      | Killed Natasha
  1109 | D:2      | Noticed Natasha
  1114 | D:2      | Killed Natasha
  1664 | D:3      | Found an iron altar of Okawaru.
  1748 | D:3      | Noticed Terence
  1785 | D:3      | Reached XP level 6. HP: 52/56 MP: 5/5
  1991 | D:3      | Noticed Robin
  2006 | D:3      | Killed Robin
  2519 | D:4      | Got a bloodstained ring mail
  2534 | D:4      | Found a sand-covered staircase.
  2550 | Ossuary  | Entered an ossuary
  2916 | Ossuary  | Reached XP level 7. HP: 60/63 MP: 6/6
  3017 | D:4      | Found an ornate altar of the Wu Jian Council.
  3064 | D:4      | Found a staircase to the Ecumenical Temple.
  3070 | Temple   | Entered the Ecumenical Temple
  3137 | Temple   | Became a worshipper of Uskayaw the Reveler
  3137 | Temple   | Reached * piety under Uskayaw
  3180 | D:4      | Reached ** piety under Uskayaw
  3255 | D:4      | Noticed Ijyb
  3277 | D:4      | Splashed by Ijyb's acid

Vault maps used:
D:1:      minmay_arrival_four_loops
D:2:      gammafunk_temple_overflow_pools, first_ration, uniq_natasha,
          uniq_jessica
D:3:      old_standard_altar, uniq_robin, uniq_terence
D:4:      lemuel_crystal_altar, minmay_temple_entry_hall, serial_shops, shop,
          enter_ossuary_4, kennysheep_small_circle, uniq_sigmund, uniq_ijyb
Temple:   regret_index_temple_generic_petals
Ossuary:  ossuary_minmay_chase

Skill      XL: |  1  2  3  4  5  6 |
---------------+-------------------+-----
Fighting       | 4 5 6 |  6.5
Unarmed Combat | 4 5 6 |  6.5
Dodging        | |  2.6
Stealth        | |  2.1

Action                   |  1- 3 |  4- 6 |  7- 9 || total
-------------------------+-------+-------+-------++-------
Melee: Unarmed           |    96 |   265 |    27 ||   388
       Punch             |     1 |     7 |       ||     8
  Use: Scroll            |     7 |     7 |       ||    14
       Potion            |       |     1 |     2 ||     3
 Stab: Sleeping          |     1 |       |       ||     1
  Eat: Chunk             |     1 |    12 |       ||    13
Armor: Scale mail        |    26 |    24 |       ||    50
       Robe              |     7 |       |       ||     7
       Chain mail        |       |    77 |    21 ||    98
Dodge: Dodged            |    47 |    73 |    13 ||   133

Table legend:
 A = Non-vault XP
 B = Vault XP
 C = Vault XP percentage of total XP
 D = Non-vault monster count
 E = Vault monster count
 F = Vault count percentage of total count
                 A         B        C        D         E       F
            +---------+---------+-------+---------+---------+-------
      Total |     446 |     245 |  35.5 |      73 |      38 |  34.2
            +---------+---------+-------+---------+---------+-------
        D:1 |      51 |       0 |   0.0 |      28 |       0 |   0.0
        D:2 |     177 |      72 |  28.9 |      16 |       2 |  11.1
        D:3 |     138 |      39 |  22.0 |      25 |      13 |  34.2
        D:4 |      80 |       2 |   2.4 |       4 |       2 |  33.3
    Ossuary |       0 |     132 | 100.0 |       0 |      21 | 100.0
            +---------+---------+-------+---------+---------+-------
